 Dungeon Crawl Stone Soup version 0.32-a0-450-g080537f31e (webtiles) character file.

Game seed: 1523634989787500968

1564 Persephone the Cleaver (level 8, -3/63 HPs)
             Began as a Mountain Dwarf Fighter on Feb 23, 2024.
             Was a Believer of Ru.
             Slain by a vampire mosquito (6 damage)
             ... on level 7 of the Dungeon.
             The game lasted 00:09:00 (5693 turns).

Persephone the Cleaver (Mountain Dwarf Fighter)     Turns: 5693, Time: 00:09:01

Health: -3/63      AC: 11    Str: 21    XL:     8   Next: 58%
Magic:  8/8        EV:  9    Int:  9    God:    Ru [**....]
Gold:   478        SH:  4    Dex:  9    Spells: 7/7 levels left

rFire   . . .        a - +0 war axe
rCold   . . .        c - +0 buckler
rNeg    . . .        b - +1 scale mail
rPois   .            r - +0 helmet
rElec   .            d - +0 cloak
rCorr   .            G - +0 pair of gloves
SInv    .            (no boots)
Will    .....        e - amulet of regeneration Stlth
                     (no ring)
HPRegen 1.10/turn    (no ring)
MPRegen 0.11/turn

%: no passive effects
@: no status effects
A: screaming 1, no potion heal 1, no earth magic, no alchemy magic, no summoning
magic, runic magic, artefact enchanting
a: Renounce Religion


You were on level 7 of the Dungeon.
You worshipped Ru.
Ru was pleased with you.
You visited 1 branch of the dungeon, and saw 7 of its levels.
You also visited: Ossuary.

You collected 478 gold pieces.

Inventory:

Hand Weapons
 a - a +0 war axe (weapon)
Armour
 b - a +1 scale mail (worn)
 c - a +0 buckler (worn)
 d - a +0 cloak (worn)
 r - a +0 helmet (worn)
 G - a +0 pair of gloves (worn)
Jewellery
 e - an amulet of regeneration (around neck)
 f - an amulet of faith
 l - an amulet of reflection
 s - a ring of magical power
 E - an amulet of the acrobat
Wands
 n - a wand of charming (8)
 t - a wand of iceblast (9)
 I - a wand of flame (10)
Scrolls
 g - 2 scrolls of noise
 h - 5 scrolls of immolation
 k - 2 scrolls of enchant weapon
 m - 3 scrolls of teleportation
 o - 2 scrolls of amnesia
 q - 2 scrolls of fog
 w - a scroll of blinking
 y - a scroll of identify
 H - a scroll of vulnerability
Potions
 i - 3 potions of cancellation {unknown}
 j - 3 potions of haste {unknown}
 p - 7 potions of curing
 u - 2 potions of degeneration {unknown}
 v - a potion of lignification {unknown}
 x - 2 potions of brilliance {unknown}
 z - 2 potions of heal wounds {unknown}
 A - a potion of magic {unknown}
 B - 2 potions of mutation {unknown}
 C - 2 potions of attraction {unknown}
 D - a potion of enlightenment {unknown}
 F - a potion of resistance {unknown}


   Skills:
 - Level 3.2 Fighting
 + Level 12.4 Axes
 - Level 3.2 Armour
 - Level 5.0 Shields


You had 7 spell levels left.
You didn't know any spells.
Your spell library contained the following spells:

 Spells                   Type           Power      Damage    Failure   Level
 Magic Dart               Conj           0%         1d3       54%         1
 Blink                    Tloc           0%         N/A       67%         2
 Lesser Beckoning         Tloc           0%         N/A       67%         2
 Momentum Strike          Conj/Tloc      0%         3d8       67%         2
 Searing Ray              Conj           0%         2d4       67%         2
 Gell's Gravitas          Tloc           0%         N/A       88%         3
 Teleport Other           Tloc           0%         N/A       88%         3
 Freezing Cloud           Conj/Ice/Air   0%         6-21      100%        5
 Dispersal                Tloc           0%         N/A       100%        6
 Mercury Vapours          Alch/Air       Unusable   N/A       N/A         2
 Mephitic Cloud           Conj/Alch/Air  Unusable   N/A       N/A         3
 Fulminant Prism          Conj/Alch      Unusable   3d5       N/A         4

Dungeon Overview and Level Annotations

Branches:
Dungeon (7/15)             Temple (0/1) D:5         Ossuary (visited)

Altars:
Fedhas
Nemelex Xobeh
Ru
Sif Muna
Trog
The Shining One

Shops:
D:4 *

Annotations:
D:1 2 transporters


Innate Abilities, Weirdness & Mutations

You occasionally shout uncontrollably at your foes.
Potions are less effective at restoring your health.
You cannot study or cast Earth magic.
You cannot study or cast Alchemy magic.
You cannot study or cast Summoning magic.
Your spellcasting is much less encumbered by armour.
You can use scrolls of enchantment on lesser artefacts.


Message History

The vampire mosquito bites the orc priest.
The vampire mosquito draws strength from the orc priest's injuries!
The vampire mosquito misses you.
You hit the orc priest.
The orc priest is heavily wounded.
You closely miss the vampire mosquito. You slash the vampire mosquito!
You miss the vampire mosquito. You barely miss the orc.
The vampire mosquito closely misses you.
The vampire mosquito barely misses you.
The vampire mosquito bites you but does no damage.
The orc hits you but does no damage. The orc priest hits you with a +0 whip.
Your system partially rejects the healing.
You feel better.
The vampire mosquito bites you but does no damage.
The vampire mosquito bites you!
The vampire mosquito draws strength from your injuries!
The vampire mosquito bites you but does no damage.
The vampire mosquito bites you!
* * * LOW HITPOINT WARNING * * *
The vampire mosquito draws strength from your injuries!
The vampire mosquito barely misses you.
The vampire mosquito bites you but does no damage.
The orc hits you but does no damage. You block the orc priest's attack.
You closely miss the orc priest.
The orc priest is heavily wounded.
You completely miss the vampire mosquito.
You hit the vampire mosquito but do no damage.
You closely miss the orc. You hit the vampire mosquito.
The vampire mosquito bites you but does no damage.
The vampire mosquito bites you.
* * * LOW HITPOINT WARNING * * *
The vampire mosquito draws strength from your injuries!
The vampire mosquito closely misses you.
The vampire mosquito bites you.
* * * LOW HITPOINT WARNING * * *
The vampire mosquito draws strength from your injuries!
The vampire mosquito bites you but does no damage.
The vampire mosquito bites you.
You die...
Ru respects your ultimate sacrifice.

#
##########...
#...y).......
+...o@..#
#...yoy.#
..........#
###########


You could see 3 vampire mosquitoes, an orc priest and an orc.

Vanquished Creatures
  A steam dragon (D:6)
  An ice beast (D:5)
  A sky beast (D:6)
  2 centaurs (D:6)
  A phantom (D:5)
  4 bullfrogs
  A scorpion (D:6)
  A bombardier beetle (D:6)
  The ghost of Bravepunisher the Ducker, a weakling SpMo (D:6)
  5 hounds
  Crazy Yiuf (D:2)
  An orc priest (D:5)
  A sleepcap (D:6)
  2 iguanas (D:5)
  8 mummies (Ossuary)
  Robin (D:2)
  12 adders
  A white imp (D:6)
  An ufetubus (D:6)
  A dart slug (D:5)
  A ribbon worm (D:2)
  12 orcs
  8 endoplasms
  2 giant cockroaches (D:2)
  A gnoll zombie (Ossuary)
  14 goblins
  13 hobgoblins
  3 jackals (D:1)
  8 kobolds
  5 quokkas
  10 ball pythons
  5 bats
  6 frilled lizards
  2 hobgoblin zombies (Ossuary)
  2 kobold zombies (Ossuary)
  3 orc zombies (Ossuary)
  4 rats
146 creatures vanquished.

Notes
Turn   | Place    | Note
-------+----------+-------------------------------------------
     0 | D:1      | Persephone the Mountain Dwarf Fighter began the quest for
                  | the Orb.
     0 | D:1      | Reached XP level 1. HP: 19/19 MP: 1/1
    76 | D:1      | Reached skill level 3 in Axes
   265 | D:1      | Reached XP level 2. HP: 26/26 MP: 2/2
   538 | D:1      | Found a faded altar of an unknown god.
   863 | D:1      | Prayed at the altar of an unknown god.
   863 | D:1      | Became a worshipper of Ru the Awakened
   912 | D:2      | Gained mutation: You cannot study or cast Earth magic. [Ru
                  | sacrifice]
   912 | D:2      | Gained mutation: You cannot study or cast Alchemy magic.
                  | [Ru sacrifice]
   912 | D:2      | Gained mutation: You cannot study or cast Summoning magic.
                  | [Ru sacrifice]
   912 | D:2      | Reached * piety under Ru
   915 | D:2      | Reached XP level 3. HP: 31/31 MP: 3/3
  1109 | D:2      | Reached skill level 4 in Axes
  1138 | D:2      | Noticed Robin
  1148 | D:2      | Killed Robin
  1193 | D:2      | Reached XP level 4. HP: 30/38 MP: 4/4
  1621 | D:2      | Found a runed translucent door.
  1623 | D:2      | Noticed Crazy Yiuf
  1729 | D:2      | Killed Crazy Yiuf
  1868 | D:3      | Reached skill level 5 in Axes
  1868 | D:3      | Reached skill level 5 in Shields
  1868 | D:3      | Reached XP level 5. HP: 45/45 MP: 5/5
  2456 | D:4      | Reached skill level 6 in Axes
  2673 | D:4      | Reached XP level 6. HP: 49/51 MP: 6/6
  2677 | D:4      | Found Miqeutz's Gadget Gallery.
  2697 | D:4      | Gained mutation: You occasionally shout uncontrollably at
                  | your foes. [Ru sacrifice]
  3342 | D:5      | Entered Level 5 of the Dungeon
  3503 | D:5      | Found a glowing golden altar of the Shining One.
  3652 | D:5      | Reached skill level 7 in Axes
  3672 | D:5      | Found a staircase to the Ecumenical Temple.
  3947 | D:5      | Found a sand-covered staircase.
  3967 | Ossuary  | Entered an ossuary
  3990 | Ossuary  | Reached skill level 8 in Axes
  4045 | Ossuary  | Reached XP level 7. HP: 57/57 MP: 7/7
  4383 | D:5      | Reached skill level 9 in Axes
  4428 | D:5      | Found a faded altar of an unknown god.
  4428 | D:5      | Found a blossoming altar of Fedhas.
  4437 | D:5      | Found a bloodstained altar of Trog.
  4445 | D:5      | Found a faded altar of an unknown god.
  4448 | D:5      | Found a shimmering blue altar of Sif Muna.
  4870 | D:6      | Reached skill level 10 in Axes
  4991 | D:6      | Found a sparkling altar of Nemelex Xobeh.
  5127 | D:6      | Noticed a steam dragon
  5140 | D:6      | Killed a steam dragon
  5141 | D:6      | Reached XP level 8. HP: 52/63 MP: 8/8
  5141 | D:6      | Gained mutation: Potions are less effective at restoring
                  | your health. [Ru sacrifice]
  5141 | D:6      | Reached ** piety under Ru
  5182 | D:6      | Found a runed translucent door.
  5189 | D:6      | Noticed Bravepunisher's ghost (weakling SpMo)
  5310 | D:6      | Reached skill level 11 in Axes
  5615 | D:6      | Reached skill level 12 in Axes
  5644 | D:6      | Killed Bravepunisher's ghost
  5693 | D:7      | HP: 3/63 [vampire mosquito (3)]
  5693 | D:7      | Slain by a vampire mosquito

Illustrated notes

Levels and vault maps discovered:
D:1:      spicycebolla_arrival_transporter_tutorial, layout_loops_ring,
          hellmonk_ecumenical_altar_blasted
D:2:      layout_loops_ring, nicolae_twisty_statue_hallways,
          uniq_crazy_yiuf_cottage, uniq_robin
D:3:      layout_basic
D:4:      layout_basic, nicolae_shop_gadgets
D:5:      layout_loops_corners, mainiacjoe_overflow_surrounded_room,
          chequers_temple_overflow_minitemple, minmay_temple_entry_glass,
          nicolae_ossuary_entry_monument, serial_aquarium,
          aquarium_bridge_long_joined [aquarium_subvault_window,
          aquarium_subvault_wall, aquarium_subvault_window,
          aquarium_subvault_wall, aquarium_subvault_window,
          aquarium_subvault_bridge], aquarium_bridge_square
          [aquarium_subvault_wall, aquarium_subvault_window,
          aquarium_subvault_wall, aquarium_subvault_bridge],
          aquarium_window_fake, aquarium_window_fake, aquarium_view_2d,
          aquarium_view_2d, aquarium_pool_S
D:6:      kennysheep_spiral_hall, layout_basic,
          mainiacjoe_overflow_small_starburst, serial_glass, glass_columns_b,
          glass_columns_a, ebering_ghost_sewer_d
D:7:      layout_basic, demons_altar, nicolae_qazlal_beasts_of_the_sky,
          enter_bailey_5, nicolae_benzene_ring, minmay_ruffians

Skill      XL: |  1  2  3  4  5  6  7  8 |
---------------+-------------------------+-----
Axes           | 3 4 5 6 8 10 12 | 12.4
Shields        | 4 5 |  5.0
Fighting       | |  3.2
Armour         | |  3.2

Action                     |  1- 3 |  4- 6 |  7- 9 || total
---------------------------+-------+-------+-------++-------
  Melee: War axe           |   118 |   253 |   171 ||   542
 Invoke: Sacrifice Arcana  |     1 |       |       ||     1
         Sacrifice Purity  |       |     1 |     1 ||     2
    Use: Scroll            |       |     9 |     2 ||    11
         Potion            |       |     1 |     1 ||     2
   Stab: Distracted        |       |     1 |       ||     1
 Armour: Scale mail        |    86 |   174 |   175 ||   435
  Dodge: Dodged            |    59 |   113 |    80 ||   252
  Block: Buckler           |    30 |    39 |    31 ||   100

Table legend: (Time is in decaauts)
 A = Elapsed time spent in this place.
 B = Non-inter-level travel time spent in this place.
 C = Inter-level travel time spent in this place.
 D = Time resting spent in this place.
 E = Time spent auto-exploring this place.
 F = Levels seen in this place.
 G = Mean time per level.
                   A        B        C        D        E       F      G
               +--------+--------+--------+--------+--------+-----+--------+
         Total |   5797 |   5493 |    304 |      0 |   4304 |   8 |  724.6 |
       Dungeon |   5564 |   5260 |    304 |      0 |   4178 |   7 |  794.9 |
       Ossuary |    233 |    233 |      0 |      0 |    126 |   1 |  233.0 |
               +--------+--------+--------+--------+--------+-----+--------+

Top non-repeatable levels by time:
     D:5: 1189 daAuts
     D:4: 972 daAuts
     D:2: 937 daAuts
     D:6: 934 daAuts
     D:1: 932 daAuts
     D:3: 591 daAuts
 Ossuary: 233 daAuts
     D:7: 8 daAuts
